 Dungeon Crawl Stone Soup version 0.30-a0-632-g346586fe48 (webtiles) character file.

Game seed: 17289366251664081021

1405 wormed the Changer (level 8, -4/64 HPs)
             Began as an Octopode Transmuter on Jan 14, 2023.
             Was an Initiate of Gozag.
             Slain by a hornet (14 damage)
             ... on level 7 of the Dungeon.
             The game lasted 00:07:35 (7684 turns).

wormed the Changer (Octopode Transmuter)            Turns: 7684, Time: 00:07:36

Health: -4/64      AC:  7    Str:  9    XL:     8   Next: 70%
Magic:  9/14       EV: 11    Int: 17    God:    Gozag
Gold:   758        SH:  0    Dex: 13    Spells: 8/15 levels left

rFire   x . .      SeeInvis .      - Unarmed
rCold   + + +      Faith    .    (shield currently unavailable)
rNeg    . . .      Spirit   .    (helmet currently unavailable)
rPois   +          Reflect  .    (no amulet)
rElec   .          Harm     .    (no ring)
rCorr   .          Rampage  .    (no ring)
Will    .....                    (no ring)
Stlth   +                        (no ring)
HPRegen 0.30/turn                (no ring)
MPRegen 0.14/turn                (no ring)
                                 (no ring)
                                 (no ring)

@: ice-form, wereblooded, slowed, very slow
A: freezing attack, boosted hp, almost no armour, amphibious, 8 rings, large,
(camouflage 1), (gelatinous body 1), (nimble swimmer 1), (tentacles)
a: End Transformation, Renounce Religion, Potion Petition, Call Merchant, Bribe
Branch


You were on level 7 of the Dungeon.
You worshipped Gozag.
Gozag was pleased with you.
You were a creature of crystalline ice.
You visited 1 branch of the dungeon, and saw 7 of its levels.

You collected 788 gold pieces.
You paid 30 gold pieces to Gozag.

Inventory:

Magical Staves
 m - a staff of air (melded)
Jewellery
 d - a ring of fire
Scrolls
 c - 3 scrolls of fog
 e - 3 scrolls of teleportation
 g - 5 scrolls of identify
 n - a scroll of amnesia {unknown}
Potions
 a - 2 potions of lignification
 b - a potion of magic
 f - 3 potions of attraction
 h - 2 potions of invisibility
 i - a potion of flight {unknown}
 j - 2 potions of mutation
 k - 3 potions of might
 l - 3 potions of curing


   Skills:
 + Level 3.8 Fighting
 + Level 4.3 Dodging
 + Level 4.9 Unarmed Combat
 + Level 4.0 Spellcasting
 * Level 5.9 Transmutations
 + Level 3.5 Ice Magic


You had 8 spell levels left.
You knew the following spells:

 Your Spells              Type           Power      Damage    Failure   Level
a - Wereblood             Tmut           23%        N/A       1%          2
b - Ice Form              Ice/Tmut       19%        N/A       22%         4
z - Beastly Appendage     Tmut           46%        N/A       1%          1

Your spell library contained the following spells:

 Spells                   Type           Power      Damage    Failure   Level
 Passwall                 Tmut/Erth      10%        N/A       7%          2
 Spider Form              Tmut/Pois      13%        N/A       14%         3
 Sandblast                Erth           6%         2d5       16%         1
 Sublimation of Blood     Necr           3%         N/A       24%         2
 Stone Arrow              Conj/Erth      6%         3d7       43%         3
 Petrify                  Tmut/Erth      13%        N/A       43%         4
 Metabolic Englaciation   Hex/Ice        4%         N/A       91%         5
 Statue Form              Tmut/Erth      8%         N/A       100%        6
 Summon Hydra             Summ           1%         N/A       100%        7


Dungeon Overview and Level Annotations

Branches:
Dungeon (7/15)             Temple (0/1) D:6

Altars:
Cheibriados
Fedhas
Gozag
Kikubaaqudgha
Nemelex Xobeh
Vehumet
Wu Jian

Shops:
D:1 :


Innate Abilities, Weirdness & Mutations

You are a creature of crystalline ice.
You have a powerful freezing melee attack.
Your maximum health is increased.
Your armour is entirely melded.
You are incapable of wielding weapons or throwing items.
You cannot wear most types of armour.
You are amphibious.
You can wear up to eight rings at the same time.
((Your skin changes colour to match your surroundings (Stealth+).))
((Your rubbery body absorbs attacks. (AC +1, EV +1)))
((You are camouflaged when in or above water. (Stealth+)))
((You have tentacles for arms and can constrict up to eight enemies at once.))


Message History

A hornet is nearby!
A hornet is nearby!
Casting: Ice Form (quite dangerous; 22% risk of failure)
Confirm with . or Enter, or press ? or * to list all spells.
Your blood is infused with primal strength.
The hornet stings you!
You suddenly lose the ability to move!
The hornet stings you.
You feel yourself slow down.
You can move again.
Casting: Wereblood (safe; 1% risk of failure)
Confirm with . or Enter, or press ? or * to list all spells.
The spell is quite dangerous to miscast (22% risk of failure)!
Continue anyway?
You turn into a creature of crystalline ice.
Your staff of air melds into your body.
The hornet closely misses you.
A sky beast comes into view.
The hornet closely misses you.
The hornet stings you but does no damage.
You closely miss the hornet.
You feel yourself speed up. The hornet barely misses you. x2
You punch the hornet! You freeze the hornet.
The hornet is moderately wounded.
The hornet stings you!
You hit the hornet. You freeze the hornet.
The hornet is heavily wounded.
The hornet stings you!
You are poisoned.
You hit the hornet. You freeze the hornet.
The hornet is severely wounded.
You feel sick.
The hornet stings you. x2; You feel yourself slow down.
You closely miss the hornet.
The hornet is severely wounded.
You feel yourself speed up.
You feel sick. The hornet stings you!
* * * LOW HITPOINT WARNING * * *
You feel yourself slow down. The hornet closely misses you.
You feel better. The hornet stings you.
* * * LOW HITPOINT WARNING * * *
The hornet stings you!
You die...
Your body crumbles into a pile of gold.

#.#.# ###....###
..#.# .?.......#
##.#.## #.....#.#
#.....# #.....#.#
#..#..####.....#..
#..#..##.......#..
#.....##.#.#...#))
#.#..###.#.#....).
#Y#....#.#.#.#..##
#.Yy.#.##.#.#......#
#.####..........##.#
.. #.##.#...####.#
## ......###.# ..#
..##.>..# #.# ... #
##...# #.# ... ###.#
... ..... #.# #.#
...


You could see a hornet and a sky beast.

Vanquished Creatures
  A sky beast (D:6)
  2 ice beasts
  An ogre (D:6)
  A phantom (D:5)
  2 necrophages
  A kobold brigand (D:6)
  2 scorpions
  6 hounds
  2 orc priests
  Jessica (D:1)
  4 iguanas
  2 orc wizards (D:6)
  5 adders
  7 gnolls
  A white imp (D:4)
  2 worms
  A dart slug (D:2)
  23 orcs
  8 bats
  7 endoplasms
  3 giant cockroaches
  7 goblins
  11 hobgoblins
  5 jackals
  12 kobolds
  4 quokkas
  6 ball pythons
  A frilled lizard (D:2)
  4 rats
132 creatures vanquished.

Notes
Turn   | Place    | Note
-------+----------+-------------------------------------------
     0 | D:1      | wormed the Octopode Transmuter began the quest for the Orb.
     0 | D:1      | Reached XP level 1. HP: 13/13 MP: 3/3
    86 | D:1      | Reached XP level 2. HP: 14/18 MP: 5/5
   125 | D:1      | Learned a level 2 spell: Wereblood
   366 | D:1      | Found Edghigh's Book Shop.
   576 | D:1      | Reached XP level 3. HP: 23/23 MP: 2/6
  1270 | D:2      | Noticed Jessica
  1278 | D:1      | Killed Jessica
  1279 | D:1      | Reached XP level 4. HP: 9/28 MP: 4/7
  1736 | D:2      | Reached skill level 1 in Ice Magic
  2290 | D:2      | Reached skill level 3 in Transmutations
  2777 | D:2      | Learned a level 4 spell: Ice Form
  2895 | D:3      | Reached XP level 5. HP: 20/34 MP: 4/8
  2971 | D:3      | Found an opulent altar of Gozag.
  2982 | D:3      | Became a worshipper of Gozag Ym Sagoz the Greedy
  3126 | D:3      | Found a faded altar of an unknown god.
  3649 | D:3      | Found a blossoming altar of Fedhas.
  3653 | D:3      | Found an ancient bone altar of Kikubaaqudgha.
  3654 | D:3      | Found a radiant altar of Vehumet.
  3655 | D:3      | Found a sparkling altar of Nemelex Xobeh.
  4091 | D:4      | Reached XP level 6. HP: 28/39 MP: 2/10
  4300 | D:4      | Found a snail-covered altar of Cheibriados.
  4637 | D:4      | Found an ornate altar of the Wu Jian Council.
  4872 | D:5      | Entered Level 5 of the Dungeon
  5143 | D:5      | Noticed an ice beast
  5152 | D:5      | Killed an ice beast
  5153 | D:5      | Reached skill level 4 in Transmutations
  5250 | D:5      | Reached XP level 7. HP: 45/45 MP: 3/11
  6278 | D:6      | Reached skill level 5 in Transmutations
  6386 | D:6      | Reached XP level 8. HP: 31/52 MP: 6/13
  6975 | D:6      | Found a staircase to the Ecumenical Temple.
  7675 | D:7      | Noticed a hornet
  7676 | D:7      | Paralysed by a hornet for 2 turns
  7684 | D:7      | Slain by a hornet

Illustrated notes

Levels and vault maps discovered:
D:1:      amcnicky_arrival_underground_garden, layout_basic, serial_shops, shop,
          kennysheep_nondescript, st_stairs_13
D:2:      minmay_inner_zag, layout_basic, minmay_pentomino_x2, uniq_jessica
D:3:      layout_basic, nicolae_gozag_cash_rules_everything_around_me,
          minitemple, ebering_ecumenical_altar_petrified
D:4:      cheibrodos_helix_gallery, layout_basic, nicolae_wu_jian_glorious_leap,
          general_overflow_altar
D:5:      layout_loops_ring, grunt_temple_overflow_champion_of_chaos,
          chequers_serial_rivers_micro_e
D:6:      layout_gridville, minmay_temple_entry_tees, minmay_tree_intersection,
          grunt_decor_arrowhead
D:7:      layout_basic, riverfiend_overflow_shadow_ancestor,
          mainiacjoe_overflow_24_doors, roderic_roman_lattice, uniq_joseph,
          uniq_duvessa

Skill      XL: |  1  2  3  4  5  6  7  8 |
---------------+-------------------------+-----
Ice Magic      | 1 2 3 |  3.5
Transmutations | 3 4 5 |  5.9
Fighting       | 2 3 |  3.8
Dodging        | 3 4 |  4.3
Spellcasting   | 3 4 |  4.0
Unarmed Combat | 4 |  4.9

Action                   |  1- 3 |  4- 6 |  7- 9 || total
-------------------------+-------+-------+-------++-------
Melee: Unarmed           |    69 |   109 |   111 ||   289
       Constrict         |    18 |    27 |     3 ||    48
       Kick              |    14 |    23 |       ||    37
       Tentacles         |    14 |    22 |     5 ||    41
       Punch             |     3 |     2 |       ||     5
       Staff             |       |    12 |    16 ||    28
 Cast: Beastly Appendage |    14 |    29 |       ||    43
       Wereblood         |     9 |    30 |    17 ||    56
       Ice Form          |       |     6 |    18 ||    24
  Use: Scroll            |       |    13 |     4 ||    17
       Potion            |       |     1 |     2 ||     3
 Stab: Sleeping          |     1 |     2 |     1 ||     4
Armor: Skin              |     9 |    23 |    32 ||    64
Dodge: Dodged            |    49 |    70 |    65 ||   184

Table legend: (Time is in decaauts)
 A = Elapsed time spent in this place.
 B = Non-inter-level travel time spent in this place.
 C = Inter-level travel time spent in this place.
 D = Time resting spent in this place.
 E = Time spent auto-exploring this place.
 F = Levels seen in this place.
 G = Mean time per level.
                   A        B        C        D        E       F      G
               +--------+--------+--------+--------+--------+-----+--------+
         Total |   7676 |   7544 |    132 |    129 |   6438 |   7 | 1096.6 |
       Dungeon |   7676 |   7544 |    132 |    129 |   6438 |   7 | 1096.6 |
               +--------+--------+--------+--------+--------+-----+--------+

Top non-repeatable levels by time:
     D:2: 1422 daAuts
     D:6: 1406 daAuts
     D:1: 1355 daAuts
     D:5: 1198 daAuts
     D:4: 1123 daAuts
     D:3: 1091 daAuts
     D:7: 79 daAuts
